 Dungeon Crawl Stone Soup version 0.29.1-12-g30fa7ad0bf (webtiles) character file.

Game seed: 2025001485288860088

8276 cheesebisquit the Geomancer (level 11, -6/62 HPs)
             Began as a Gargoyle Earth Elementalist on Jan 12, 2023.
             Was a Priest of Vehumet.
             Mangled by a yak (13 damage)
             ... on level 10 of the Dungeon.
             The game lasted 01:12:37 (11657 turns).

cheesebisquit the Geomancer (GrEE)                 Turns: 11657, Time: 01:12:38

Health: -6/62      AC: 24    Str: 11    XL:     11   Next: 28%
Magic:  7/31       EV:  9    Int: 28    God:    Vehumet [***...]
Gold:   161        SH:  0    Dex: 10    Spells: 14/25 levels left

rFire   . . .      SeeInvis .   h - staff of earth
rCold   . . .      Faith    .   (no shield)
rNeg    + . .      Spirit   .   s - +4 scale mail of Noon {Harm rPois Int+7}
rPois   ∞          Reflect  .   (no helmet)
rElec   +          Harm     +   (no cloak)
rCorr   .          Rampage  .   i - +0 pair of gloves
Will    .....                   (no boots)
Stlth   ..........              K - amulet of magic regeneration
HPRegen 0.20/turn               F - +4 ring of protection
MPRegen 0.62/turn               I - ring of magical power

@: about to teleport, studying Necromancy
A: sickness immunity, AC +8, negative energy resistance 1, electricity
resistance, torment resistance 1, petrification resistance
a: Renounce Religion


You were on level 10 of the Dungeon.
You worshipped Vehumet.
Vehumet was most pleased with you.
You visited 1 branch of the dungeon, and saw 10 of its levels.

You collected 473 gold pieces.
You spent 312 gold pieces at shops.

Inventory:

Hand Weapons
 t - a +0 flail
 M - a +4 dire flail
Missiles
 j - 4 throwing nets
 l - 60 stones
 m - 48 poisoned darts
 L - a curare-tipped dart
Armour
 i - a +0 pair of gloves (worn)
 s - the +4 scale mail of Noon (worn) {Harm rPois Int+7}
   (You found it on level 3 of the Dungeon)

   Int:       It affects your intelligence (+7).
   rPois:     It protects you from poison.
   Harm:      It increases damage dealt and taken.
 O - the +8 orange crystal plate armour {Archmagi, Int+3 Clar}
   (You found it on level 10 of the Dungeon)

   Int:       It affects your intelligence (+3).
   Clar:      It protects you against confusion.
Magical Staves
 h - a staff of earth (weapon)
Jewellery
 F - a +4 ring of protection (left hand)
 I - a ring of magical power (right hand)
 K - an amulet of magic regeneration (around neck)
Wands
 c - a wand of paralysis (15)
 E - a wand of quicksilver (9)
 H - a wand of roots (8)
 J - a wand of flame (20)
Scrolls
 d - a scroll of silence {unknown}
 k - a scroll of brand weapon {unknown}
 o - 3 scrolls of teleportation
 r - a scroll of immolation {unknown}
 u - a scroll of acquirement {unknown}
 y - 2 scrolls of poison
 z - a scroll of fear
 C - a scroll of enchant armour {unknown}
 G - a scroll of magic mapping {unknown}
 N - a scroll of noise {unknown}
Potions
 a - a potion of berserk rage {unknown}
 b - a potion of magic
 e - 3 potions of haste
 f - 2 potions of cancellation
 g - 3 potions of attraction {unknown}
 n - 2 potions of flight
 p - 2 potions of lignification
 q - 3 potions of heal wounds
 v - 3 potions of mutation
 w - 11 potions of curing
 x - 3 potions of might {unknown}
 A - a potion of ambrosia {unknown}
 B - a potion of brilliance {unknown}


   Skills:
 + Level 4.8 Fighting
 + Level 4.4 Maces & Flails
 + Level 4.8 Armour
 + Level 4.2 Dodging
 - Level 2.1 Stealth
 + Level 7.5 Spellcasting
 + Level 8.1 Conjurations
 - Level 0.7 Transmutations
 + Level 2.2 Fire Magic
 + Level 10.2 Earth Magic
 + Level 4.0 Evocations


You had 14 spell levels left.
You knew the following spells:

 Your Spells              Type           Power      Damage    Failure   Level
a - Sticky Flame          Conj/Fire      39%        2d6       9%          4
b - Stone Arrow           Conj/Erth      100%       3d13      1%          3
c - Conjure Flame         Conj/Fire      39%        6-21      2%          3
z - Sandblast             Erth           100%       2d20      1%          1

Your spell library contained the following spells:

 Spells                   Type           Power      Damage    Failure   Level
 Inner Flame              Hex/Fire       16%        N/A       13%         3
 Static Discharge         Conj/Air       33%        3-8/arc   2%          2
 Passwall                 Tmut/Erth      48%        N/A       4%          2
 Ignite Poison            Fire/Tmut/Pois 16%        N/A       14%         3
 Frozen Ramparts          Ice            20%        1d4       21%         3
 Apportation              Tloc           20%        N/A       26%         1
 Necrotise                Necr           40%        1d6       26%         1
 Summon Small Mammal      Summ           40%        N/A       26%         1
 Petrify                  Tmut/Erth      58%        N/A       28%         4
 Lightning Bolt           Conj/Air       16%        1d30      32%         5
 Call Canine Familiar     Summ           10%        N/A       63%         3
 Summon Guardian Golem    Hex/Summ       10%        N/A       63%         3
 Ice Form                 Ice/Tmut       12%        N/A       92%         4
 Corpse Rot               Necr/Pois/Air  10%        N/A       95%         4
 Dispel Undead            Necr           10%        3d9       95%         4
 Summon Ice Beast         Ice/Summ       10%        N/A       95%         4
 Death Channel            Necr           5%         N/A       100%        6
 Maxwell's Capacitive Co  Air            5%         ∞         100%        8


Dungeon Overview and Level Annotations

Branches:
Dungeon (10/15)            Temple (0/1) D:5             Orc (0/2) D:9
   Lair: D:8-11

Altars:
Elyvilon
Fedhas
Nemelex Xobeh
Ru
Uskayaw
Vehumet

Shops:
D:10 !


Innate Abilities, Weirdness & Mutations

You are immune to sickness and miasma.
Your stone body is resilient. (AC +8)
You are immune to poison.
You resist negative energy. (rN+)
You are resistant to electric shocks. (rElec)
You are resistant to unholy torment.
You are immune to petrification.


Message History

Aim: a yak (lightly wounded, 91% to hit)
You feel a surge of power!
The blast of sand hits the yak!!
You kill the yak!
Vehumet accepts your kill.
You feel your power returning. The yak gores you!
Casting: Sandblast (safe; 1% risk of failure)
Confirm with . or Enter, or press ? or * to list all spells.
Aiming: Sandblast (safe; 1% risk of failure)
Press: ? - help, Shift-Dir - straight line, f - yak
Aim: a yak (91% to hit)
You feel a surge of power!
The blast of sand misses the yak.
The yak gores you!
* * * LOW HITPOINT WARNING * * *
A centaur warrior comes into view.
The yak barely misses you. The orc barely misses you.
Casting: Sandblast (safe; 1% risk of failure)
Confirm with . or Enter, or press ? or * to list all spells.
Aiming: Sandblast (safe; 1% risk of failure)
Press: ? - help, Shift-Dir - straight line, f/p - yak
Aim: a yak (91% to hit)
Okay, then.
Unknown command.
Okay, then.
You feel much better.
The centaur warrior shouts!
You hear a horrible gurgling sound!
The centaur warrior wields a +0 shortbow.
The centaur warrior shoots an arrow.
The arrow hits you.
The centaur warrior shoots an arrow.
The arrow barely misses you. The yak gores you! The orc barely misses you.
Okay, then.
As you read the scroll of teleportation, it crumbles to dust.
You feel strangely unstable.
The centaur warrior shoots an arrow.
The arrow hits you but does no damage. The yak gores you but does no damage.
The orc hits you with a +0 mace.
* * * LOW HITPOINT WARNING * * *
You feel much better.
The centaur warrior shoots an arrow.
The arrow hits you!
* * * LOW HITPOINT WARNING * * *
The centaur warrior shoots an arrow.
The arrow hits you!
* * * LOW HITPOINT WARNING * * *
The yak gores you!
You die...

#................... oo
.c...........>..... # Yo
#.........#..#.).# .. ..
#.....)...#..##)## #.. #.
#.........#.###)# #$.)##.
#.........#.# #.# .......
#........[#.###.#
..#....######....######.....#
........†)).o@..........#.###
######.#####Y#.........##.####
#. #...####.##........ #.
###.# #.#####.#### #. #.#
#.#####.# #. #.# #.......# #.
#.# ######### #. ..# ###


You could see a centaur warrior, a yak and an orc.

Vanquished Creatures
  A two-headed ogre (D:8)
  A cyclops (D:9)
  A gargoyle (D:10)
  2 trolls
  Grinder (D:3)
  15 yaks
  2 steam dragons
  Menkaure (D:5)
  Duvessa (D:7)
  A water moccasin (D:6)
  3 orc warriors
  An ice beast (D:5)
  2 sky beasts
  3 ogres
  2 centaurs
  A phantom (D:6)
  2 kobold brigands (D:9)
  5 bullfrogs
  3 necrophages
  A gnoll sergeant (D:9)
  5 scorpions
  3 wights (D:9)
  Dowan (D:7)
  5 killer bees (D:8)
  3 howler monkeys
  3 hounds
  6 jellies
  4 orc priests
  A gnoll bouda (D:6)
  2 iguanas
  7 orc wizards
  Terence (D:3)
  8 adders
  17 gnolls
  A shadow imp (D:6)
  A white imp (D:5)
  2 worms
  33 orcs
  6 endoplasms
  5 giant cockroaches
  18 goblins
  15 hobgoblins
  6 jackals
  A quokka (D:2)
  9 ball pythons
  3 bats
  5 frilled lizards
  21 kobolds
  8 rats
249 creatures vanquished.

Vanquished Creatures (others)
  An orc wizard (D:8)
  5 plants (D:4)
6 creatures vanquished.

Grand Total: 255 creatures vanquished

Notes
Turn   | Place    | Note
-------+----------+-------------------------------------------
     0 | D:1      | cheesebisquit the Gargoyle Earth Elementalist began the
                  | quest for the Orb.
     0 | D:1      | Reached XP level 1. HP: 10/10 MP: 3/3
   357 | D:1      | Found a faded altar of an unknown god.
   392 | D:1      | Reached XP level 2. HP: 15/15 MP: 3/5
   488 | D:1      | Reached skill level 4 in Earth Magic
  1082 | D:2      | Reached XP level 3. HP: 9/19 MP: 0/6
  1298 | D:2      | Learned a level 3 spell: Stone Arrow
  1533 | D:2      | Reached XP level 4. HP: 24/24 MP: 5/8
  1720 | D:2      | Found a hide-covered altar of Uskayaw.
  1969 | D:3      | Identified the +4 scale mail of Noon {Harm rPois Int+7}
  2039 | D:3      | Found Esheapum's Assorted Antiques.
  2130 | D:3      | Noticed Grinder
  2150 | D:3      | Paralysed by Grinder for 4 turns
  2154 | D:3      | Killed Grinder
  2155 | D:3      | Reached skill level 5 in Earth Magic
  2155 | D:3      | Reached XP level 5. HP: 24/28 MP: 4/10
  2155 | D:3      | Reached XP level 6. HP: 28/32 MP: 4/11
  2354 | D:3      | Noticed Terence
  2357 | D:3      | Killed Terence
  2362 | D:3      | Identified the +5 quarterstaff of Kid Yrgh {vorpal, rF+
                  | rN++}
  2508 | D:3      | Reached skill level 6 in Earth Magic
  3132 | D:4      | Found a sacrificial altar of Ru.
  3448 | D:4      | Reached XP level 7. HP: 36/36 MP: 7/13
  4338 | D:4      | Found a radiant altar of Vehumet.
  4343 | D:4      | Became a worshipper of Vehumet
  4637 | D:5      | Entered Level 5 of the Dungeon
  4679 | D:5      | Noticed a steam dragon
  4841 | D:5      | Killed a steam dragon
  4842 | D:5      | Reached skill level 5 in Spellcasting
  4842 | D:5      | Reached skill level 7 in Earth Magic
  5024 | D:5      | Reached XP level 8. HP: 41/41 MP: 12/15
  5182 | D:5      | Found a staircase to the Ecumenical Temple.
  5191 | D:5      | Reached skill level 5 in Conjurations
  5361 | D:5      | Noticed Menkaure
  5363 | D:5      | Killed Menkaure
  5425 | D:5      | Reached skill level 8 in Earth Magic
  6102 | D:6      | Noticed a yak
  6107 | D:6      | Killed a yak
  6401 | D:6      | Noticed a troll
  6409 | D:6      | Reached XP level 9. HP: 46/46 MP: 15/18
  6414 | D:6      | Reached skill level 1 in Fighting
  6414 | D:6      | Reached skill level 1 in Armour
  6419 | D:6      | Killed a troll
  6420 | D:6      | Reached skill level 1 in Maces & Flails
  6420 | D:6      | Reached skill level 1 in Evocations
  7171 | D:6      | Found a sparkling altar of Nemelex Xobeh.
  7723 | D:6      | Reached * piety under Vehumet
  7723 | D:6      | Offered knowledge of Shock by Vehumet.
  7813 | D:7      | Noticed a troll
  7817 | D:7      | Killed a troll
  7818 | D:7      | Reached skill level 9 in Earth Magic
  8202 | D:7      | Found a blossoming altar of Fedhas.
  8213 | D:7      | Found a white marble altar of Elyvilon.
  8354 | D:7      | Noticed Duvessa
  8355 | D:7      | Noticed Dowan
  8359 | D:7      | Reached XP level 10. HP: 56/56 MP: 20/20
  8361 | D:7      | Killed Duvessa
  8501 | D:7      | Killed Dowan
  9413 | D:8      | Offered knowledge of Foxfire by Vehumet.
  9426 | D:8      | Reached ** piety under Vehumet
  9680 | D:8      | Learned a level 4 spell: Sticky Flame
  9684 | D:8      | Learned a level 3 spell: Conjure Flame
  9715 | D:8      | Noticed a two-headed ogre
  9728 | D:8      | Killed a two-headed ogre
  9729 | D:8      | Reached skill level 1 in Fire Magic
 10333 | D:9      | Reached skill level 10 in Earth Magic
 10388 | D:9      | Noticed a cyclops
 10395 | D:9      | Killed a cyclops
 10396 | D:9      | Reached XP level 11. HP: 39/62 MP: 16/22
 10816 | D:9      | Found a staircase to the Orcish Mines.
 10847 | D:9      | Offered knowledge of Inner Flame by Vehumet.
 11156 | D:10     | Entered Level 10 of the Dungeon
 11156 | D:10     | Found Jysuegac's Distillery.
 11165 | D:10     | Bought a potion of curing for 39 gold pieces
 11165 | D:10     | Bought a potion of heal wounds for 65 gold pieces
 11165 | D:10     | Bought a potion of mutation for 104 gold pieces
 11165 | D:10     | Bought a potion of heal wounds for 65 gold pieces
 11165 | D:10     | Bought a potion of curing for 39 gold pieces
 11427 | D:10     | Found the +8 orange crystal plate armour {Archmagi, Int+3
                  | Clar}
 11441 | D:10     | Reached *** piety under Vehumet
 11654 | D:10     | Noticed a centaur warrior
 11657 | D:10     | Mangled by a yak

Illustrated notes

Levels and vault maps discovered:
D:1:      lemuel_arrival_rhombus, layout_basic, ebering_ecumenical_altar_hall
D:2:      layout_rooms, basic_altar
D:3:      layout_basic, serial_shops, nicolae_shop_overgrown_old_shop,
          lightli_corner_chamber, uniq_terence, uniq_grinder
D:4:      corexii_shantytown, layout_loops_ring, nicolae_ru_path_of_blood,
          nicolae_overflow_crystal_walls, kennysheep_diamond
D:5:      layout_basic, minmay_temple_entry_glass, uniq_menkaure
D:6:      layout_basic, lemuel_crystal_altar, minmay_manual_monstrance
D:7:      layout_loops_corners, minitemple, kennysheep_another_room,
          minmay_chambers_of_fives, uniq_duvessa
D:8:      layout_basic
D:9:      layout_roguey
D:10:     minmay_cut_squares, layout_loops_ring, serial_shops, shop

Skill      XL: |  1  2  3  4  5  6  7  8  9 10 11 |
---------------+----------------------------------+-----
Earth Magic    | 4 5 6 7 8 9 10 | 10.2
Spellcasting   | 3 4 5 6 7 |  7.5
Conjurations   | 2 3 4 6 7 8 |  8.1
Fighting       | 3 4 |  4.8
Armour         | 3 4 |  4.8
Maces & Flails | 2 4 |  4.4
Dodging        | 3 4 |  4.2
Evocations     | 2 3 4 |  4.0
Fire Magic     | 1 2 |  2.2
Stealth        | |  2.1
Transmutations | |  0.7

Action                   |  1- 3 |  4- 6 |  7- 9 | 10-12 || total
-------------------------+-------+-------+-------+-------++-------
Melee: Spear             |     3 |       |       |       ||     3
       Battleaxe         |    23 |       |       |       ||    23
       Club              |     8 |       |       |       ||     8
       Whip              |     5 |       |       |       ||     5
       Staff             |       |     3 |    17 |     4 ||    24
 Cast: Sandblast         |    37 |    58 |    91 |     9 ||   195
       Stone Arrow       |       |       |    47 |   119 ||   166
       Conjure Flame     |       |       |       |    16 ||    16
  Use: Scroll            |       |     6 |     1 |     4 ||    11
       Potion            |       |       |     1 |     2 ||     3
Armor: Robe              |     3 |       |       |       ||     3
       Ring mail         |    29 |       |       |       ||    29
       Plate armour      |     6 |       |       |       ||     6
       Scale mail        |       |     6 |     9 |     5 ||    20
       Steam dragon scal |       |       |    19 |    34 ||    53
Dodge: Dodged            |    53 |     8 |    44 |    46 ||   151
